 Dungeon Crawl Stone Soup version 0.21.1-1-g345015f (webtiles) character file.

62 shakethe the Grasshopper (level 4, 0/26 HPs)
             Began as a Gargoyle Warper on Feb 7, 2018.
             Was an Initiate of Cheibriados.
             Slain by a gnoll
             ... wielding a +2 spear of piercing
              (3 damage)
             ... on level 3 of the Dungeon.
             The game lasted 00:04:42 (1570 turns).

shakethe the Grasshopper (Gargoyle Warper)          Turns: 1570, Time: 00:04:43

Health: 0/26       AC:  9    Str: 15    XL:     4   Next: 8%
Magic:  7/7        EV: 11    Int: 15    God:    Cheibriados [......]
Gold:   128        SH:  0    Dex: 11    Spells: 4/8 levels left

rFire    . . .     SeeInvis .   a - +0 hand axe
rCold    . . .     Gourm    .   (no shield)
rNeg     + . .     Faith    .   b - +0 leather armour
rPois    ∞         Spirit   .   (no helmet)
rElec    +         Reflect  .   g - +1 cloak
rCorr    .         Harm     .   j - +0 pair of gloves
MR       .....                  (no boots)
Stlth    ++........             v - amulet of magic regeneration
HPRegen  0.08/turn              h - ring of flight
MPRegen  0.35/turn              k - ring of stealth

@: very slightly contaminated, very slow
A: negative energy resistance 1, electricity resistance, unbreathing,
petrification resistance, rot immunity, AC +3
a: Bend Time, Renounce Religion, Evoke Flight


You were on level 3 of the Dungeon.
You worshipped Cheibriados.
Cheibriados was noncommittal.
You were not hungry.

You visited 1 branch of the dungeon, and saw 3 of its levels.

You collected 128 gold pieces.

Inventory:

Hand Weapons
 a - a +0 hand axe (weapon)
Missiles
 e - 5 tomahawks of dispersal (quivered)
Armour
 b - a +0 leather armour (worn)
 g - a +1 cloak (worn)
 j - a +0 pair of gloves (worn)
Jewellery
 h - a ring of flight (left hand)
 k - a ring of stealth (right hand)
 v - an amulet of magic regeneration (around neck)
 w - an uncursed ring of ice
Wands
 r - a wand of disintegration (17)
Scrolls
 d - a scroll of blinking
 l - 2 scrolls of teleportation {unknown}
 m - 3 scrolls of random uselessness {unknown}
 n - a scroll of enchant armour {unknown}
 p - 3 scrolls of identify {unknown}
 q - a scroll of fog {unknown}
 x - a scroll of immolation {unknown}
 y - a scroll of magic mapping {unknown}
Potions
 i - 3 potions of curing {unknown}
 o - a potion of ambrosia {unknown}
 s - 2 potions of invisibility {unknown}
 t - a potion of agility {unknown}
 u - a potion of heal wounds {unknown}
Books
 c - a book of Spatial Translocations

   Spells                             Type                      Level
   a - Blink                          Translocation                2
   b - Shroud of Golubria             Charms/Translocation         2
   c - Lesser Beckoning               Translocation                3
   d - Gell's Gravitas                Translocation                3
   e - Teleport Other                 Translocation                3
   f - Passage of Golubria            Translocation                4
Comestibles
 f - 8 rations


   Skills:
 - Level 2.2 Fighting
 * Level 3.0 Axes
 - Level 0.8 Throwing
 - Level 1.1 Armour
 - Level 1.6 Dodging
 + Level 2.6 Spellcasting
 + Level 3.0 Translocations


You had 4 spell levels left.
You knew the following spells:

 Your Spells              Type           Power        Failure   Level  Hunger
a - Blink                 Tloc           N/A          11%         2    ###....
b - Shroud of Golubria    Chrm/Tloc      #.........   21%         2    ###....


Dungeon Overview and Level Annotations

Branches:
Dungeon (3/15)

Altars:
Cheibriados
Elyvilon
Makhleb
Vehumet


Innate Abilities, Weirdness & Mutations

You are resistant to torment.
Your stone body is resilient. (AC +3)
You are immune to poison.
You resist negative energy. (rN+)
You are resistant to electric shocks. (rElec)
You can survive without breathing.
You are immune to petrification.
You are immune to rotting.


Message History

The gnoll hits you but does no damage.
You are too injured to fight recklessly!
You are too injured to fight recklessly!
You are too injured to fight recklessly!
You are too injured to fight recklessly!
You are too injured to fight recklessly!
You are too injured to fight recklessly!
You are too injured to fight recklessly!
You are too injured to fight recklessly!
You are too injured to fight recklessly!
You are too injured to fight recklessly!
You are too injured to fight recklessly!
You are too injured to fight recklessly!
You are too injured to fight recklessly!
You are too injured to fight recklessly!
You are too injured to fight recklessly!
The gnoll hits you but does no damage. x2
The gnoll hits you from afar with a spear of piercing!
* * * LOW HITPOINT WARNING * * *
You die...

... #.###..##########
####.# #.##.†..........
......###.#.###########
.......#....#
#.##.##### #.##.#
#.##.#
####.##g##.######
.......)g@...[....
#######.##.#######
...##.# #.#.##.#
#.#.##.# # #.##.#
#.##.# #.# .#


You could see 2 gnolls.

Vanquished Creatures
  A gnoll (D:3)
  An ooze (D:1)
  2 dart slugs (D:2)
  A leopard gecko (D:2)
  4 orcs (D:3)
  4 giant cockroaches
  2 goblins (D:1)
  4 hobgoblins
  5 bats
  3 frilled lizards
  7 kobolds
  4 rats
38 creatures vanquished.

Notes
Turn   | Place    | Note
-------+----------+-------------------------------------------
     0 | D:1      | shakethe the Gargoyle Warper began the quest for the Orb.
     0 | D:1      | Reached XP level 1. HP: 12/12 MP: 3/3
   212 | D:1      | Reached XP level 2. HP: 13/17 MP: 5/5
   216 | D:1      | Learned a level 2 spell: Blink
   219 | D:1      | Learned a level 2 spell: Shroud of Golubria
   789 | D:2      | Reached XP level 3. HP: 20/21 MP: 6/6
   888 | D:2      | Found a snail-covered altar of Cheibriados.
   929 | D:2      | Became a worshipper of Cheibriados the Contemplative
  1038 | D:2      | Found a burning altar of Makhleb.
  1045 | D:2      | Found a radiant altar of Vehumet.
  1049 | D:2      | Found a white marble altar of Elyvilon.
  1559 | D:3      | Reached XP level 4. HP: 25/26 MP: 7/7
  1570 | D:3      | Slain by a gnoll

Skill      XL: |  1  2  3 |
---------------+----------+-----
Axes           | 2 3 |  3.0
Translocations | 3 |  3.0
Fighting       | |  2.2
Throwing       | |  0.8
Armour         | |  1.1
Dodging        | |  1.6
Spellcasting   | |  2.6

Action                   |  1- 3 |  4- 6 || total
-------------------------+-------+-------++-------
Melee: Hand axe          |   150 |     6 ||   156
 Cast: Shroud of Golubri |     2 |     1 ||     3
 Stab: Distracted        |     1 |       ||     1
  Eat: Ration            |     1 |       ||     1
Armor: Leather armour    |    66 |     7 ||    73
Dodge: Dodged            |    87 |     7 ||    94
